 Dungeon Crawl Stone Soup version 0.24.0-37-gcf1ca852f1 (webtiles) character file.

Game seed: 1401983844106464435, levelgen mode: deterministic

112 H0rd4k the Magician (level 4, -1/24 HPs)
             Began as a Deep Elf Wizard on Nov 26, 2019.
             Slain by an orc wizard
             ... wielding a +0 dagger
              (2 damage)
             ... on level 2 of the Dungeon.
             The game lasted 00:03:48 (1800 turns).

H0rd4k the Magician (Deep Elf Wizard)               Turns: 1800, Time: 00:03:48

Health: -1/24      AC:  2    Str:  6    XL:     4   Next: 64%
Magic:  1/14       EV: 19    Int: 24    God:
Gold:   101        SH:  0    Dex: 18    Spells: 7/16 levels left

rFire    . . .     SeeInvis .   (no weapon)
rCold    . . .     Gourm    .   (no shield)
rNeg     . . .     Faith    .   k - +0 robe (curse)
rPois    .         Spirit   .   b - +0 hat
rElec    .         Reflect  .   (no cloak)
rCorr    .         Harm     .   (no gloves)
MR       .....                  (no boots)
Stlth    +++.......             (no amulet)
HPRegen  0.08/turn              (no ring)
MPRegen  0.14/turn              (no ring)

@: agile, very slightly contaminated
A: hooves 1, sense surroundings 1, strong 1
a: no special abilities


You were on level 2 of the Dungeon.
You were hungry.

You visited 1 branch of the dungeon, and saw 3 of its levels.

You collected 101 gold pieces.

Inventory:

Armour
 a - a +0 robe
 b - a +0 hat (worn)
 k - a cursed +0 robe (worn)
Jewellery
 c - an uncursed ring of flight {unknown}
Scrolls
 e - 3 scrolls of teleportation {unknown}
 f - a scroll of immolation {unknown}
 g - 7 scrolls of identify {unknown}
 j - a scroll of enchant weapon {unknown}
Potions
 i - a potion of curing {unknown}
 l - a potion of lignification {unknown}
 m - a potion of agility
 n - a potion of cancellation {unknown}
Comestibles
 d - 6 rations


   Skills:
 + Level 3.0 Dodging
 + Level 2.9 Stealth
 + Level 6.5 Spellcasting
 + Level 2.2 Conjurations
   Level 1.1 Summonings
 + Level 1.1 Translocations


You had 7 spell levels left.
You knew the following spells:

 Your Spells              Type           Power        Failure   Level  Hunger
a - Magic Dart            Conj           ###.         3%          1    None
b - Blink                 Tloc           N/A          8%          2    None
c - Conjure Flame         Conj/Fire      ##......     14%         3    None
d - Mephitic Cloud        Conj/Pois/Air  ##......     17%         3    None

Your spell library contained the following spells:

 Spells                   Type           Power        Failure   Level  Hunger
 Call Imp                 Summ           ##......     8%          2    None
 Slow                     Hex            #.......     12%         2    None


Dungeon Overview and Level Annotations

Branches:
Dungeon (3/15)

Altars:
Gozag


Innate Abilities, Weirdness & Mutations

You have large cloven feet.
You passively map a small area around you.
Your muscles are strong. (Str +2)


Message History

Aim: an orc wizard, wielding a +0 dagger and wearing a +0 robe (moderately wounded, fast)
You miscast Magic Dart.
You are very lightly contaminated with residual magic.
Strange energies run through your body.
The orc wizard hits you but does no damage.
Casting: Magic Dart (safe; 3% risk of failure)
Confirm with . or Enter, or press ? or * to list all spells.
You don't have enough magic to cast that spell.
The orc wizard gestures at you while chanting.
The puff of frost misses you.
You aren't carrying any items that you can evoke.
It was a potion of mutation.
You feel extremely strange.
You feel a strange attunement to the structure of the dungeons.
Your feet thicken and deform.
You feel stronger.
The orc wizard hits you with a +0 dagger.
* * * LOW HITPOINT WARNING * * *
It was a potion of agility.
You feel agile all of a sudden.
The orc wizard hits you with a +0 dagger.
You die...

#.##.##.########...###...
#.##)##...# #.....#####
###.##.####.# #...>.#
#...##.####.#####.....#
#.####...............## #.#
#.####.#.......<.#
#.####.####.#.#######.#
#........o..#.# #.#
#.####.###@.#.# #.#####
#.####.###....# #......
#..<..........# #.#####
#.####.###.##.# #.# # #.#
#.# #.##.#######.# ### #.#
#.# #.##.........###.. #.#
#.###.##.......##.....
#.####.......)[...#.##.....
#..........########.##.....


You could see an orc wizard.

Vanquished Creatures
  4 adders
  3 gnolls (D:2)
  An ooze (D:1)
  2 dart slugs
  A leopard gecko (D:3)
  3 bats
  4 giant cockroaches
  4 goblins
  2 hobgoblins
  7 kobolds
  4 frilled lizards
  11 rats
46 creatures vanquished.

Notes
Turn   | Place    | Note
-------+----------+-------------------------------------------
     0 | D:1      | H0rd4k the Deep Elf Wizard began the quest for the Orb.
     0 | D:1      | Reached XP level 1. HP: 10/10 MP: 7/7
   131 | D:1      | Reached XP level 2. HP: 15/15 MP: 0/9
   194 | D:1      | Reached skill level 5 in Spellcasting
   775 | D:2      | Reached XP level 3. HP: 16/19 MP: 6/11
   779 | D:2      | Learned a level 2 spell: Blink
   783 | D:2      | Learned a level 3 spell: Conjure Flame
   787 | D:2      | Learned a level 3 spell: Mephitic Cloud
  1252 | D:2      | Found an opulent altar of Gozag.
  1255 | D:2      | Reached skill level 6 in Spellcasting
  1255 | D:2      | Reached XP level 4. HP: 24/24 MP: 10/14
  1799 | D:2      | Gained mutation: You passively map a small area around you.
                  | [potion of mutation]
  1799 | D:2      | Gained mutation: You have large cloven feet. [potion of
                  | mutation]
  1799 | D:2      | Gained mutation: Your muscles are strong. (Str +2) [potion
                  | of mutation]
  1799 | D:2      | HP: 1/24 [orc wizard/+0 dagger (2)]
  1800 | D:2      | Slain by an orc wizard

Levels and vault maps discovered:
D:1:      minmay_arrival_shoal_huts, layout_basic, nrook_loot_triangle,
          serial_bayou_pond_a
D:2:      layout_loops_ring, grunt_gozag_statues
D:3:      layout_loops_cross, first_ration

Skill      XL: |  1  2  3  4 |
---------------+-------------+-----
Spellcasting   | 5 6 |  6.5
Dodging        | 3 |  3.0
Conjurations   | 2 |  2.2
Stealth        | |  2.9
Summonings     | |  1.1
Translocations | |  1.1

Action                   |  1- 3 |  4- 6 || total
-------------------------+-------+-------++-------
 Cast: Magic Dart        |    96 |    41 ||   137
       Conjure Flame     |     1 |     1 ||     2
       Blink             |       |     1 ||     1
  Use: Potion            |       |     2 ||     2
  Eat: Chunk             |     1 |     1 ||     2
Armor: Robe              |     5 |     2 ||     7
Dodge: Dodged            |     9 |    10 ||    19
